TOP OF THE 1ST |
Oceanside HS Pirates batting - Pitching for Buchanan HS : LHP Brad Bush
|
Pitching: LHP Brad Bush
|
|
Batting: RHB Glen Madden
|
0-0: SINGLE (Line Drive, 6MD)
|
Batting: RHB Henry Rose
|
0-0: Ball 1-0: Ball 2-0: Ball 3-0: Base on Balls Glen Madden to second
|
Batting: LHB Ron Young
|
0-0: Ball Glen Madden steals 3rd base Henry Rose to second 1-0: Ball 2-0: Fly out, F7 (Line Drive, 78M) Runner from 3rd tags up, SCORES, no throw
|
Batting: RHB Danny Boykins
|
0-0: Ball 1-0: Swinging Strike 1-1: Foul Ball, location: 2F 1-2: Strikes out swinging
|
Batting: LHB Preston Spencer
|
0-0: Called Strike 0-1: Ball 1-1: Foul Ball, location: 2F 1-2: Ball 2-2: Reached on Error, E8 (Flyball, 89M) Henry Rose scores
|
Batting: LHB Greg Sharpe
|
0-0: Called Strike 0-1: Ball 1-1: Ball 2-1: SINGLE (Groundball, 56D) Preston Spencer to third Runner from 3rd tries for Home, SAFE, throw made home Greg Sharpe to second
|
Batting: RHB Pancho Rodríguez
|
0-0: Ground out 6-3 (Groundball, 6)
|
Top of the 1st over - 3 run(s), 2 hit(s), 1 error(s), 1 left on base; Oceanside HS 3 - Buchanan HS 0 |
BOTTOM OF THE 1ST |
Buchanan HS batting - Pitching for Oceanside HS Pirates : LHP Valentín García
|
Pitching: LHP Valentín García
|
|
Batting: RHB Michael Elliott
|
0-0: Ball 1-0: Called Strike 1-1: Ball 2-1: Ground out 4-3 (Groundball, 34)
|
Batting: RHB Tommy Reid
|
0-0: Ball 1-0: Foul Ball, location: 2F 1-1: Ground out 6-3 (Groundball, 6)
|
Batting: LHB Jesús Torres
|
0-0: Ball 1-0: Foul Ball, location: 2F 1-1: Foul Ball, location: 2F 1-2: Ball 2-2: Ball 3-2: Base on Balls
|
Batting: RHB Allen Miller
|
0-0: Fly out, F9 (Flyball, 9LM)
|
Bottom of the 1st over - 0 run(s), 0 hit(s), 0 error(s), 1 left on base; Oceanside HS 3 - Buchanan HS 0 |
TOP OF THE 2ND |
Oceanside HS Pirates batting - Pitching for Buchanan HS : LHP Brad Bush
|
Batting: RHB Anthony Payton
|
0-0: Swinging Strike 0-1: Ball 1-1: Ball 2-1: Swinging Strike 2-2: Ball 3-2: Strikes out swinging
|
Batting: LHB Miguel Maldonado
|
0-0: Ball 1-0: Called Strike 1-1: SINGLE (Line Drive, 89S)
|
Batting: RHB Glen Madden
|
0-0: Ball 1-0: Ball 2-0: Foul Ball, location: 2F 2-1: Ball 3-1: Fly out, F8 (Flyball, 8RM)
|
Batting: RHB Henry Rose
|
0-0: Fly out, F9 (Flyball, 89M)
|
Top of the 2nd over - 0 run(s), 1 hit(s), 0 error(s), 1 left on base; Oceanside HS 3 - Buchanan HS 0 |
BOTTOM OF THE 2ND |
Buchanan HS batting - Pitching for Oceanside HS Pirates : LHP Valentín García
|
Batting: RHB Henry Rice
|
0-0: Ball 1-0: Ball 2-0: Called Strike 2-1: Swinging Strike 2-2: Ball 3-2: Foul Ball, location: 2F 3-2: Strikes out swinging
|
Batting: RHB Dewey Tyree
|
0-0: Ground out 6-3 (Groundball, 6M)
|
Batting: LHB Jeff MacKinney
|
0-0: Called Strike 0-1: Foul Ball, location: 2F 0-2: Ball 1-2: Ball 2-2: Ball 3-2: Ground out 1-3 (Groundball, 13)
|
Bottom of the 2nd over - 0 run(s), 0 hit(s), 0 error(s), 0 left on base; Oceanside HS 3 - Buchanan HS 0 |
TOP OF THE 3RD |
Oceanside HS Pirates batting - Pitching for Buchanan HS : LHP Brad Bush
|
Batting: LHB Ron Young
|
0-0: Swinging Strike 0-1: Foul Ball, location: 2F 0-2: Ball 1-2: Foul Ball, location: 2F 1-2: Ball 2-2: Foul Ball, location: 2F 2-2: Ball 3-2: SINGLE (Groundball, 34D)
|
Batting: RHB Danny Boykins
|
0-0: Called Strike 0-1: Swinging Strike 0-2: Strikes out swinging
|
Batting: LHB Preston Spencer
|
0-0: Ball 1-0: Ball 2-0: Swinging Strike 2-1: Called Strike 2-2: Ball 3-2: Strikes out swinging
|
Batting: LHB Greg Sharpe
|
0-0: Ball 1-0: Ball Ron Young steals 2nd base 2-0: Ground out 4-3 (Groundball, 4)
|
Top of the 3rd over - 0 run(s), 1 hit(s), 0 error(s), 1 left on base; Oceanside HS 3 - Buchanan HS 0 |
BOTTOM OF THE 3RD |
Buchanan HS batting - Pitching for Oceanside HS Pirates : LHP Valentín García
|
Batting: RHB Eugene Logan
|
0-0: Foul Ball, location: 2F 0-1: Ball 1-1: Swinging Strike 1-2: Ground out 4-3 (Groundball, 34)
|
Batting: RHB Luis Orama
|
0-0: Ball 1-0: Called Strike 1-1: Foul Ball, location: 2F 1-2: SINGLE (Groundball, 6M)
|
Batting: RHB Michael Elliott
|
0-0: Called Strike 0-1: Ball 1-1: Ball 2-1: Ball 3-1: Base on Balls Luis Orama to second
|
Batting: RHB Tommy Reid
|
0-0: Ball 1-0: Foul Ball, location: 2F 1-1: Foul Ball, location: 2F 1-2: Foul Ball, location: 2F 1-2: Ball 2-2: Ball 3-2: Foul Ball, location: 2F 3-2: Base on Balls Luis Orama to third Michael Elliott to second
|
Batting: LHB Jesús Torres
|
0-0: Ball 1-0: Swinging Strike 1-1: Called Strike 1-2: Ball 2-2: Foul Ball, location: 2F 2-2: Strikes out swinging
|
Batting: RHB Allen Miller
|
0-0: Ball 1-0: Called Strike 1-1: Foul Ball, location: 2F 1-2: Foul Ball, location: 2F 1-2: Foul Ball, location: 2F 1-2: Strikes out swinging
|
Bottom of the 3rd over - 0 run(s), 1 hit(s), 0 error(s), 3 left on base; Oceanside HS 3 - Buchanan HS 0 |
TOP OF THE 4TH |
Oceanside HS Pirates batting - Pitching for Buchanan HS : LHP Brad Bush
|
Batting: RHB Pancho Rodríguez
|
0-0: Swinging Strike 0-1: Swinging Strike 0-2: Foul Ball, location: 2F 0-2: Ball 1-2: Foul Ball, location: 2F 1-2: Strikes out swinging
|
Batting: RHB Anthony Payton
|
0-0: Called Strike 0-1: Ball 1-1: Foul Ball, location: 2F 1-2: Ball 2-2: Fly out, F9 (Flyball, 8RM)
|
Batting: LHB Miguel Maldonado
|
0-0: Foul Ball, location: 2F 0-1: Called Strike 0-2: Ball 1-2: Strikes out swinging
|
Top of the 4th over - 0 run(s), 0 hit(s), 0 error(s), 0 left on base; Oceanside HS 3 - Buchanan HS 0 |
BOTTOM OF THE 4TH |
Buchanan HS batting - Pitching for Oceanside HS Pirates : LHP Valentín García
|
Batting: RHB Henry Rice
|
0-0: Ground out 4-3 (Groundball, 4)
|
Batting: RHB Dewey Tyree
|
0-0: Ball 1-0: Called Strike 1-1: Foul Ball, location: 2F 1-2: Foul Ball, location: 2F 1-2: Ball 2-2: Ball 3-2: Strikes out looking
|
Batting: LHB Jeff MacKinney
|
0-0: Ball 1-0: Ground out 1-3 (Groundball, 15)
|
Bottom of the 4th over - 0 run(s), 0 hit(s), 0 error(s), 0 left on base; Oceanside HS 3 - Buchanan HS 0 |
TOP OF THE 5TH |
Oceanside HS Pirates batting - Pitching for Buchanan HS : LHP Brad Bush
|
Batting: RHB Glen Madden
|
0-0: Ball 1-0: Called Strike 1-1: SINGLE (Groundball, 4M)
|
Batting: RHB Henry Rose
|
0-0: Ball 1-0: Ball 2-0: Ball 3-0: Base on Balls Glen Madden to second
|
Batting: LHB Ron Young
|
0-0: Foul Ball, location: 2F 0-1: Called Strike 0-2: Ball 1-2: Foul Ball, location: 2F 1-2: Ball 2-2: Ball 3-2: DOUBLE (Line Drive, 89M) Glen Madden scores Henry Rose to third Runner from 3rd tries for Home, SAFE, no throw or cutoff
|
Pitching: LHP Gerald McAy
|
|
Batting: RHB Danny Boykins
|
0-0: Called Strike 0-1: Ball 1-1: Called Strike 1-2: 2-RUN HOME RUN (Flyball, 7LD), Distance : 351 ft
|
Batting: LHB Preston Spencer
|
0-0: Swinging Strike 0-1: Ball 1-1: Called Strike 1-2: Ball 2-2: Ball 3-2: Ground out 4-3 (Groundball, 4)
|
Batting: LHB Greg Sharpe
|
0-0: SINGLE (Line Drive, 4)
|
Batting: RHB Pancho Rodríguez
|
0-0: Ball 1-0: SINGLE (Flyball, 78S) Greg Sharpe to second
|
Batting: RHB Anthony Payton
|
0-0: Called Strike 0-1: Ball 1-1: Foul Ball, location: 2F 1-2: Ball 2-2: Foul Ball, location: 2F 2-2: Strikes out looking
|
Batting: LHB Miguel Maldonado
|
0-0: SINGLE (Groundball, 34D) Greg Sharpe to third Pancho Rodríguez to second Runner from 3rd tries for Home, SAFE, no throw or cutoff
|
Batting: RHB Glen Madden
|
0-0: Ball 1-0: Foul Ball, location: 2F 1-1: Fly out, F8 (Flyball, 8RM)
|
Top of the 5th over - 5 run(s), 6 hit(s), 0 error(s), 2 left on base; Oceanside HS 8 - Buchanan HS 0 |
BOTTOM OF THE 5TH |
Buchanan HS batting - Pitching for Oceanside HS Pirates : LHP Valentín García
|
Batting: RHB Eugene Logan
|
0-0: Ball 1-0: Ball 2-0: Ground out 4-3 (Groundball, 4)
|
Batting: RHB Luis Orama
|
0-0: SINGLE (Line Drive, 6M)
|
Batting: RHB Michael Elliott
|
0-0: Ball 1-0: Ball 2-0: Swinging Strike 2-1: SINGLE (Groundball, 56) Luis Orama to second
|
Batting: RHB Tommy Reid
|
0-0: Ball Wild Pitch! Luis Orama to third Michael Elliott to second 1-0: Ball 2-0: Ball 3-0: Called Strike 3-1: Foul Ball, location: 2F 3-2: Strikes out looking
|
Pitching: RHP John Stephenson
|
|
Batting: LHB Jesús Torres
|
0-0: Called Strike 0-1: Ground out 1-3 (Groundball, 13S)
|
Bottom of the 5th over - 0 run(s), 2 hit(s), 0 error(s), 2 left on base; Oceanside HS 8 - Buchanan HS 0 |
TOP OF THE 6TH |
Oceanside HS Pirates batting - Pitching for Buchanan HS : LHP Gerald McAy
|
Batting: RHB Henry Rose
|
0-0: Called Strike 0-1: Ball 1-1: Foul Ball, location: 2F 1-2: Ball 2-2: Ball 3-2: Strikes out looking
|
Batting: LHB Ron Young
|
0-0: Ball 1-0: Foul Ball, location: 2F 1-1: Called Strike 1-2: Ball 2-2: Ball 3-2: Foul Ball, location: 2F 3-2: Foul Ball, location: 2F 3-2: Foul Ball, location: 2F 3-2: Fly out, F7 (Line Drive, 7S)
|
Batting: RHB Danny Boykins
|
0-0: Called Strike 0-1: Swinging Strike 0-2: Strikes out looking
|
Top of the 6th over - 0 run(s), 0 hit(s), 0 error(s), 0 left on base; Oceanside HS 8 - Buchanan HS 0 |
BOTTOM OF THE 6TH |
Buchanan HS batting - Pitching for Oceanside HS Pirates : RHP John Stephenson
|
Batting: RHB Allen Miller
|
0-0: Foul Ball, location: 2F 0-1: Ball 1-1: Foul Ball, location: 2F 1-2: Fly out, F7 (Flyball, 78M)
|
Batting: RHB Henry Rice
|
0-0: Called Strike 0-1: Swinging Strike 0-2: Ball 1-2: Foul Ball, location: 2F 1-2: Ball 2-2: SINGLE (Flyball, 6MD)
|
Batting: RHB Dewey Tyree
|
0-0: Foul Ball, location: 2F 0-1: Ball 1-1: Called Strike 1-2: Strikes out looking
|
Batting: LHB Jeff MacKinney
|
0-0: Ball 1-0: Called Strike 1-1: SINGLE (Line Drive, 7S) Henry Rice to second
|
Batting: RHB Eugene Logan
|
0-0: Called Strike 0-1: Ball 1-1: Ball 2-1: Ball 3-1: Called Strike 3-2: Base on Balls Henry Rice to third Jeff MacKinney to second
|
Batting: RHB Luis Orama
|
0-0: Fly out, F9 (Flyball, 9LM)
|
Bottom of the 6th over - 0 run(s), 2 hit(s), 0 error(s), 3 left on base; Oceanside HS 8 - Buchanan HS 0 |
TOP OF THE 7TH |
Oceanside HS Pirates batting - Pitching for Buchanan HS : LHP Gerald McAy
|
Batting: LHB Preston Spencer
|
0-0: Ball 1-0: Ball 2-0: Fly out, F8 (Flyball, 8RM)
|
Pitching: RHP Melvin Adams
|
|
Batting: LHB Greg Sharpe
|
0-0: Called Strike 0-1: Swinging Strike 0-2: Ball 1-2: Ball 2-2: Fly out, F5 (Line Drive, 56)
|
Batting: RHB Pancho Rodríguez
|
0-0: Foul Ball, location: 2F 0-1: Foul Ball, location: 2F 0-2: Ball 1-2: Ball 2-2: Strikes out swinging
|
Top of the 7th over - 0 run(s), 0 hit(s), 0 error(s), 0 left on base; Oceanside HS 8 - Buchanan HS 0 |
BOTTOM OF THE 7TH |
Buchanan HS batting - Pitching for Oceanside HS Pirates : RHP John Stephenson
|
Batting: RHB Michael Elliott
|
0-0: Ball 1-0: Fly out, F7 (Flyball, 78M)
|
Batting: RHB Tommy Reid
|
0-0: Called Strike 0-1: SINGLE (Groundball, 56D)
|
Batting: LHB Jesús Torres
|
0-0: Hit by Pitch Tommy Reid to second
|
Batting: RHB Allen Miller
|
0-0: Called Strike 0-1: Foul Ball, location: 2F 0-2: Foul Ball, location: 2F 0-2: Strikes out swinging
|
Batting: RHB Henry Rice
|
0-0: Swinging Strike 0-1: Foul Ball, location: 2F 0-2: Fly out, F8 (Flyball, 8RM)
|
Bottom of the 7th over - 0 run(s), 1 hit(s), 0 error(s), 2 left on base; Oceanside HS 8 - Buchanan HS 0 |
TOP OF THE 8TH |
Oceanside HS Pirates batting - Pitching for Buchanan HS : RHP Melvin Adams
|
Batting: RHB Anthony Payton
|
0-0: Called Strike 0-1: Ball 1-1: Called Strike 1-2: Ball 2-2: Ball 3-2: Base on Balls
|
Batting: LHB Miguel Maldonado
|
0-0: Ball Anthony Payton steals 2nd base 1-0: Ball 2-0: SINGLE (Groundball, 4M) Anthony Payton to third Runner from 3rd tries for Home, SAFE, no throw or cutoff
|
Batting: RHB Glen Madden
|
0-0: Ball 1-0: Ball 2-0: Foul Ball, location: 2F 2-1: 2-RUN HOME RUN (Flyball, 78XD), Distance : 384 ft
|
Batting: RHB Henry Rose
|
0-0: Ball 1-0: Called Strike 1-1: Ball 2-1: Foul Ball, location: 2F 2-2: Strikes out swinging
|
Batting: LHB Ron Young
|
0-0: Ball 1-0: Called Strike 1-1: Ground out U3 (Groundball, 3L)
|
Batting: RHB Danny Boykins
|
0-0: Ball 1-0: Ball 2-0: Foul Ball, location: 2F 2-1: SINGLE (Flyball, 7S)
|
Batting: LHB Preston Spencer
|
0-0: Called Strike 0-1: Foul Ball, location: 2F 0-2: Ball 1-2: Strikes out swinging
|
Top of the 8th over - 3 run(s), 3 hit(s), 0 error(s), 1 left on base; Oceanside HS 11 - Buchanan HS 0 |
BOTTOM OF THE 8TH |
Buchanan HS batting - Pitching for Oceanside HS Pirates : RHP John Stephenson
|
Pitching: RHP Thomas Hoffman
|
|
Batting: RHB Dewey Tyree
|
0-0: Ball 1-0: Ball 2-0: Ground out 4-3 (Groundball, 4)
|
Batting: LHB Jeff MacKinney
|
0-0: Called Strike 0-1: Ball 1-1: Ball 2-1: Foul Ball, location: 2F 2-2: Strikes out swinging
|
Batting: RHB Eugene Logan
|
0-0: Ball 1-0: Called Strike 1-1: Ball 2-1: Called Strike 2-2: Foul Ball, location: 2F 2-2: Foul Ball, location: 2F 2-2: Ball 3-2: Foul Ball, location: 2F 3-2: Strikes out looking
|
Bottom of the 8th over - 0 run(s), 0 hit(s), 0 error(s), 0 left on base; Oceanside HS 11 - Buchanan HS 0 |
TOP OF THE 9TH |
Oceanside HS Pirates batting - Pitching for Buchanan HS : RHP Melvin Adams
|
Batting: LHB Greg Sharpe
|
0-0: Ground out U3 (Groundball, 3L)
|
Batting: RHB Pancho Rodríguez
|
0-0: Called Strike 0-1: Foul Ball, location: 2F 0-2: Ball 1-2: Foul Ball, location: 2F 1-2: Ground out 6-3 (Groundball, 6)
|
Batting: RHB Anthony Payton
|
0-0: Ball 1-0: Ball 2-0: Ball 3-0: Called Strike 3-1: Reached on error, E6 (Groundball, 6)
|
Batting: LHB Miguel Maldonado
|
0-0: Ball 1-0: Swinging Strike 1-1: Swinging Strike 1-2: Ground out 4-3 (Groundball, 4)
|
Top of the 9th over - 0 run(s), 0 hit(s), 1 error(s), 1 left on base; Oceanside HS 11 - Buchanan HS 0 |
BOTTOM OF THE 9TH |
Buchanan HS batting - Pitching for Oceanside HS Pirates : RHP Thomas Hoffman
|
Batting: RHB Luis Orama
|
0-0: Ball 1-0: Ball 2-0: Ball 3-0: Called Strike 3-1: Base on Balls
|
Batting: RHB Michael Elliott
|
0-0: Ball 1-0: Called Strike 1-1: SINGLE (Line Drive, 4D) Luis Orama to second
|
Batting: RHB Tommy Reid
|
0-0: Ball 1-0: Foul Ball, location: 2F 1-1: Ball 2-1: Ball 3-1: Called Strike 3-2: Base on Balls Luis Orama to third Michael Elliott to second
|
Batting: LHB Jesús Torres
|
0-0: Ball 1-0: Ball 2-0: Ball 3-0: Called Strike 3-1: Foul Ball, location: 2F 3-2: Base on Balls Luis Orama scores Michael Elliott to third Tommy Reid to second
|
Batting: RHB Allen Miller
|
0-0: Ball 1-0: Called Strike 1-1: Foul Ball, location: 2F 1-2: Strikes out looking
|
Batting: RHB Henry Rice
|
0-0: Ball 1-0: Ball 2-0: Ball 3-0: Called Strike 3-1: Swinging Strike 3-2: Foul Ball, location: 2F 3-2: Fly out, F9 (Flyball, 9LM)
|
Batting: RHB Dewey Tyree
|
0-0: SINGLE (Flyball, 6MD) Michael Elliott scores Tommy Reid to third Jesús Torres to second Runner from 3rd tries for Home, SAFE, no throw or cutoff
|
Batting: LHB Jeff MacKinney
|
0-0: Ball 1-0: Called Strike 1-1: Ball 2-1: Fly out, F7 (Line Drive, 7M)
|
Bottom of the 9th over - 3 run(s), 2 hit(s), 0 error(s), 2 left on base; Oceanside HS 11 - Buchanan HS 3 |
|